 Dungeon Crawl Stone Soup version 0.18.1-8-gdd0e5ea (webtiles) character file.

919 namelastname112 the Vexing (level 7, -4/57 HPs)
             Began as a Yellow Draconian Enchanter on May 21, 2016.
             Was an Initiate of Dithmenos.
             Slain by an orc warrior (13 damage)
             ... on level 6 of the Dungeon.
             The game lasted 00:07:01 (4358 turns).

namelastname112 the Vexing (DrEn)                   Turns: 4358, Time: 00:07:03

Health: -4/57      AC:  6    Str: 10    XL:     7   Next: 83%
Magic:  6/21       EV: 13    Int: 15    God:    Dithmenos [......]
Gold:   358        SH:  0    Dex: 14    Spells: 5 memorised, 2 levels left

rFire  . . .     SeeInvis .     j - +2 dagger (speed)
rCold  . . .     Gourm    .     (armour unavailable)
rNeg   . . .     Faith    .     (no shield)
rPois  .         Spirit   .     (helmet restricted)
rElec  .         Dismiss  .     (no cloak)
rCorr  +         Reflect  .     (no gloves)
SustAt .         Harm     .     (no boots)
MR     .....                    (no amulet)
Stlth  +++.......               B - ring of stealth
                                p - ring of magical power

@: lethally poisoned (-4 -> -5), not resistant to hostile enchantments, fairly
stealthy
A: spit acid, acid resistance, unfitting armour, cold-blooded, AC +6
a: Spit Acid, Renounce Religion


You were on level 6 of the Dungeon.
You worshipped Dithmenos.
Dithmenos was noncommittal.
You were very hungry.

You visited 2 branches of the dungeon, and saw 7 of its levels.

You collected 358 gold pieces.

Inventory:

Hand Weapons
 j - a +2 dagger of speed (weapon)
 E - a +0 blowgun
Missiles
 A - 5 curare-tipped needles
 F - 8 needles of confusion
Jewellery
 p - a ring of magical power (left hand)
 B - a ring of stealth (right hand)
Wands
 y - a wand of digging (11/24)
Scrolls
 d - 5 scrolls of enchant weapon {unknown}
 e - 2 scrolls of random uselessness {unknown}
 g - a scroll of amnesia {unknown}
 k - a scroll of noise {unknown}
 m - 4 scrolls of identify {unknown}
 n - a scroll of recharging {unknown}
 r - a scroll of fear {unknown}
 t - 2 scrolls of blinking {unknown}
 x - 2 scrolls of teleportation {unknown}
 D - a scroll of fog {unknown}
 G - a scroll of remove curse {unknown}
 I - a scroll of holy word {unknown}
Potions
 a - a potion of berserk rage
 f - a potion of cure mutation {unknown}
 i - 4 potions of heal wounds {unknown}
 l - 2 potions of agility {unknown}
 o - a potion of flight {unknown}
 q - 2 potions of curing {unknown}
 u - a potion of lignification {unknown}
 w - a potion of haste {unknown}
 z - a potion of brilliance {unknown}
 C - a potion of degeneration {unknown}
Books
 b - a book of Maledictions

   Spells                             Type                      Level
   a - Corona                         Hexes                        1
   b - Ensorcelled Hibernation        Hexes/Ice                    2
   c - Confuse                        Hexes                        3
   d - Tukima's Dance                 Hexes                        3
   e - Dazzling Spray                 Conjuration/Hexes            3
 s - a book of Minor Magic

   Spells                             Type                      Level
   a - Magic Dart                     Conjuration                  1
   b - Blink                          Translocation                2
   c - Call Imp                       Summoning                    2
   d - Repel Missiles                 Charms/Air                   2
   e - Slow                           Hexes                        2
   f - Conjure Flame                  Conjuration/Fire             3
   g - Mephitic Cloud                 Conjuration/Poison/Air       3
Comestibles
 c - 5 bread rations
 h - 3 meat rations
 v - a slice of pizza
 H - 3 beef jerkies


   Skills:
 + Level 3.3 Fighting
 + Level 3.5 Short Blades
 + Level 3.4 Dodging
 + Level 4.2 Stealth
 + Level 3.5 Spellcasting
 * Level 5.1 Hexes


You had 2 spell levels left.
You knew the following spells:

 Your Spells              Type           Power        Failure   Level  Hunger
a - Tukima's Dance        Hex            ###.....     10%         3    ###....
b - Blink                 Tloc           N/A          34%         2    ##.....
c - Corona                Hex            ###....      2%          1    None
x - Confuse               Hex            ###.....     10%         3    ###....
z - Ensorcelled Hibernat  Hex/Ice        ##....       12%         2    ##.....


Dungeon Overview and Level Annotations

Branches:
Dungeon (6/15)             Temple (1/1) D:5

Altars:
Cheibriados
Dithmenos
Elyvilon
Fedhas
Gozag
Okawaru
Pakellas
Qazlal
Ru
Sif Muna
Trog
Vehumet
Xom
Yredelemnul
Zin
The Shining One


Innate Abilities, Weirdness & Mutations

You can spit globs of acid.
You are resistant to acid.
Your golden yellow scales are hard (AC +6).
Your body does not fit into most forms of armour.
You are cold-blooded and may be slowed by cold attacks.


Message History

You feel sick.
The orc wizard gestures wildly while chanting.
The orc wizard blinks!
The orc warrior barely misses your scimitar.
You take 1 damage, and have 23/57 hp.
You hit the orc warrior but do no damage.
The orc warrior is moderately wounded.
You hit the orc warrior but do no damage.
The orc warrior is moderately wounded.
Your scimitar closely misses the orc warrior.
The orc warrior hits you!
* * * LOW HITPOINT WARNING * * *
You take 14 damage, and have 9/57 hp.
MASSIVE DAMAGE!!
You hit the orc warrior but do no damage.
The orc warrior is moderately wounded.
You closely miss the orc warrior.
You tail-slap the orc warrior, but do no damage.
The orc warrior is moderately wounded.
The orc warrior hits you!
You die...

.#...# #.# .. ....##
####### #.# #. #..###..)..#
##.##§. #.o..o.....# #...#.
####.####.....# #.... ..
..o..o###.....# #...# ..#
.)o....##.##### #...# ..§
............#######.<.###.#
..........#ooo{o@......#..#
........########(........#
........## ##.##....###
..^o.....## #..##....#
.......#..#####.###....#
................# ####.#
.........>####..######.#
........#.####.........#
........#..........###.##


You could see an orc warrior, 2 orc wizards, an orc and a friendly scimitar.

Vanquished Creatures
  An ice beast (D:5)
  An ogre (D:5)
  The ghost of ThereIsNoGod the Sneak, an amateur OpAs (D:4)
  A howler monkey (D:5)
  A jelly (D:4)
  2 hounds (D:4)
  2 orc priests
  A giant frog skeleton (D:6)
  3 iguanas
  3 orc wizards (D:4)
  3 worker ants
  A hound zombie (D:5)
  3 gnolls (D:4)
  A worker ant zombie (D:5)
  6 adders
  A shadow imp (D:5)
  An adder skeleton (D:5)
  2 dart slugs
  4 giant geckos
  11 orcs
  A ball python (D:4)
  4 giant cockroaches
  11 goblins
  7 hobgoblins
  3 jackals (D:1)
  6 kobolds
  6 quokkas
  5 bats
  2 giant newts
  3 quokka skeletons
  14 rats
111 creatures vanquished.

Notes
Turn   | Place    | Note
--------------------------------------------------------------
     0 | D:1      | namelastname112 the Draconian Enchanter began the quest for the Orb.
     0 | D:1      | Reached XP level 1. HP: 14/14 MP: 3/3
   475 | D:1      | Reached XP level 2. HP: 20/20 MP: 5/5
   480 | D:1      | Learned a level 2 spell: Ensorcelled Hibernation
   847 | D:1      | Reached skill level 3 in Hexes
  1114 | D:2      | Reached XP level 3. HP: 25/27 MP: 3/6
  1503 | D:2      | Found a bloodstained altar of Trog.
  1520 | D:2      | Reached XP level 4. HP: 34/34 MP: 7/7
  1588 | D:2      | Learned a level 3 spell: Confuse
  1670 | D:3      | Reached skill level 1 in Fighting
  1797 | D:3      | Found a basalt altar of Yredelemnul.
  1973 | D:3      | Found a snail-covered altar of Cheibriados.
  2406 | D:4      | Noticed ThereIsNoGod's ghost (amateur OpAs)
  2426 | D:4      | Killed ThereIsNoGod's ghost
  2426 | D:4      | Reached XP level 5. HP: 36/41 MP: 9/9
  2483 | D:4      | Reached skill level 4 in Hexes
  2483 | D:4      | Reached XP level 6. HP: 44/48 MP: 10/10
  3312 | D:5      | Entered Level 5 of the Dungeon
  3375 | D:5      | Noticed an ice beast
  3384 | D:5      | Killed an ice beast
  3384 | D:5      | Your scales start taking on a golden yellow colour.
  3384 | D:5      | Reached XP level 7. HP: 56/56 MP: 10/11
  3646 | D:5      | Learned a level 2 spell: Blink
  3650 | D:5      | Learned a level 3 spell: Tukima's Dance
  3853 | D:5      | Found a staircase to the Ecumenical Temple.
  3865 | Temple   | Entered the Ecumenical Temple
  3916 | Temple   | Became a worshipper of Dithmenos the Shadowed
  4286 | D:6      | Reached skill level 5 in Hexes
  4358 | D:6      | Slain by an orc warrior

Skill      XL: |  1  2  3  4  5  6  7 |
---------------+----------------------+-----
Dodging        | 2 3 |  3.4
Hexes          | 3 4 5 |  5.1
Stealth        | 3 4 |  4.2
Fighting       | 1 2 3 |  3.3
Short Blades   | 2 3 |  3.5
Spellcasting   | 3 |  3.5

Action                   |  1- 3 |  4- 6 |  7- 9 || total
-------------------------+-------+-------+-------++-------
Melee: Dagger            |   131 |   149 |    74 ||   354
       Tailslap          |     6 |    17 |    12 ||    35
 Cast: Ensorcelled Hiber |     8 |    38 |    13 ||    59
       Confuse           |       |     5 |     4 ||     9
       Tukima's Dance    |       |       |     1 ||     1
  Use: Potion            |       |     1 |       ||     1
 Stab: Sleeping          |    14 |    28 |    13 ||    55
       Confused          |       |     2 |     1 ||     3
       Distracted        |       |       |     1 ||     1
  Eat: Chunk             |     3 |     9 |     2 ||    14
       Pizza             |       |       |     1 ||     1
Armor: Skin              |    32 |    27 |    16 ||    75
Dodge: Dodged            |    73 |    91 |    46 ||   210
